 Dungeon Sprint DCSS version 0.27-a0-1548-gf8a67e7463 (webtiles) character file.

Game seed: 4020631356824843501

8395 mhtbhm the Severer (level 11, -9/108 HPs)
             Began as a Minotaur Fighter on July 13, 2021.
             Was an Initiate of Gozag.
             Mangled by Urug (42 damage)
             ... in the Dungeon (Sprint VII: "The Pits").
             The game lasted 00:03:22 (2490 turns).

mhtbhm the Severer (Minotaur Fighter)               Turns: 2490, Time: 00:03:22

Health: -9/108     AC: 19    Str: 27    XL:     11   Next: 9%
Magic:  10/10      EV: 11    Int:  6    God:    Gozag
Gold:   3914       SH: 14    Dex: 10    Spells: 10/10 levels left

rFire    . . .     SeeInvis .   a - +2 war axe (vorpal)
rCold    . . .     Faith    .   c - +0 kite shield
rNeg     . . .     Spirit   .   b - +3 chain mail
rPois    .         Reflect  .   (helmet restricted)
rElec    .         Harm     .   q - +0 cloak
rCorr    .         Rampage  .   r - +0 pair of gloves
Will     .....     NoTele   +   (no boots)
Stlth    ..........             (no amulet)
HPRegen  0.28/turn              n - +3 ring of strength
MPRegen  0.12/turn              o - +3 ring of intelligence

@: mighty, gold aura, on berserk cooldown, very slightly contaminated, slowed,
invisible, very slow
A: horns 2, retaliatory headbutt, dopey 1
a: Renounce Religion, Potion Petition, Call Merchant, Bribe Branch


You were in the Dungeon.
You worshipped Gozag.
Gozag was most pleased with you.
You visited 1 branch You collected 5175 gold pieces.
You paid 1261 gold pieces to Gozag.

Inventory:

Hand Weapons
 a - a +2 vorpal war axe (weapon)
Armour
 b - a +3 chain mail (worn)
 c - a +0 kite shield (worn)
 q - a +0 cloak (worn)
 r - a +0 pair of gloves (worn)
Jewellery
 n - a +3 ring of strength (left hand)
 o - a +3 ring of intelligence (right hand)
Scrolls
 l - 5 scrolls of amnesia
 m - a scroll of summoning
Potions
 d - 2 potions of might
 e - 9 potions of curing
 g - a potion of haste
 h - 4 potions of magic
 i - 3 potions of berserk rage
 k - 2 potions of invisibility
 p - a potion of mutation


   Skills:
 + Level 13.9 Fighting
 + Level 17.2 Axes
 + Level 15.1 Armour
 + Level 6.8 Dodging
 + Level 0.6 Stealth
 + Level 15.3 Shields


You had 10 spell levels left.
You didn't know any spells.
Your spell library was empty.

Dungeon Overview and Level Annotations

Branches:
Dungeon (1/1)

Altars:
Ashenzari
Cheibriados
Dithmenos
Elyvilon
Fedhas
Gozag
Hepliaklqana
Kikubaaqudgha
Makhleb
Nemelex Xobeh
Okawaru
Qazlal
Ru
Sif Muna
Trog
Uskayaw
Vehumet
Wu Jian
Xom
Yredelemnul
Zin
The Shining One
Beogh
Jiyva
Lugonu

Shops:
D (

Annotations:
D Urug


Innate Abilities, Weirdness & Mutations

You have a pair of horns on your head.
You reflexively headbutt those who attack you in melee.
You are dopey. (Int -2)


Message History

The merfolk hits you from afar with a +0 trident!
* * * LOW HITPOINT WARNING * * *
The smoke demon is distracted by your dazzling golden aura.
Unknown command.
Unknown command.
You feel much better.
The molten gargoyle is no longer distracted by gold.
The orc sorcerer no longer looks unusually strong.
The orc sorcerer is no longer distracted by gold.
The orc priest is no longer distracted by gold.
The ogre is no longer distracted by gold.
The wight is distracted by your dazzling golden aura. x2
The merfolk impaler barely misses you.
The merfolk is distracted by your dazzling golden aura.
The merfolk impaler hits you with a +2 vorpal trident.
The merfolk barely misses you. You block the acid dragon's attack. x2
The merfolk is distracted by your dazzling golden aura.
Urug throws a javelin.
The javelin completely misses the acid dragon.
The javelin barely misses you.
Unknown command.
Unknown command.
Okay, then.
The orc priest shouts!
The merfolk shouts! x2; The smoke demon roars!
You slice the acid dragon!! You headbutt the acid dragon!
You kill the acid dragon!
You catch the helpless merfolk impaler completely off-guard!
You slice the merfolk impaler!!
You are no longer corroded.
The orc knight is no longer distracted by gold.
The merfolk is no longer distracted by gold.
The smoke demon is no longer distracted by gold.
The harpy is distracted by your dazzling golden aura.
The merfolk impaler barely misses you.
The merfolk is distracted by your dazzling golden aura.
The merfolk hits you from afar with a +0 trident.
The merfolk impaler hits you with a +2 vorpal trident.
Urug hits you from afar with a +2 demon trident of electrocution!!!
You die...
Your body crumbles into a pile of gold.

### ## ########### .#
#.........# $ . $ .#
#.......# $ .# ##
####...######## ##... #
###..+...'..##..##.....
###....##'##.....##zHlo..
.#....##...##....#oHHw...
.'....'...∩.'...@mmm9ozO.
.#....##...##...m#.kozoo.
###....##+##.....##mh3...
# ###..+...'..##..##z....
# ####...######## ##...
.# #.......# .# .#
#.........# . ##
###########


You could see a merfolk impaler, an orc knight, Urug (strong), 4 merfolk, a
lindwurm, 3 harpies, a smoke demon, a basilisk, a molten gargoyle, an orc
sorcerer, an orc warrior, an ogre, a wolf, a worm, 4 wights, an orc priest
(strong) and an orc wizard.

Vanquished Creatures
  A death yak (D)
  A bog body (D)
  A harpy (D)
  A lindwurm (D)
  An elephant (D)
  A cane toad (D)
  A gargoyle (D)
  A guardian serpent (D)
  An orange demon (D)
  A smoke demon (D)
  A rime drake (D)
  2 hellwings (D)
  4 polar bears (D)
  6 redbacks (D)
  4 vampire mosquitoes (D)
  A neqoxec (D)
  2 acid dragons (D)
  A small abomination (D)
  An orc warrior (D)
  A sky beast (D)
  2 wolves (D)
  A centaur (D)
  A bullfrog (D)
  A wight (D)
  4 killer bees (D)
  A crimson imp (D)
  A gnoll shaman (D)
  A jelly (D)
  A mummy (D)
  6 gnolls (D)
  An ufetubus (D)
  A worm (D)
  3 orcs (D)
  2 bats (D)
  An endoplasm (D)
  2 giant cockroaches (D)
  6 jackals (D)
  2 kobolds (D)
  A ball python skeleton (D)
  A ball python zombie (D)
  A frilled lizard (D)
  A rat (D)
74 creatures vanquished.

Vanquished Creatures (others)
  A phantasmal warrior (D)
1 creature vanquished.

Grand Total: 75 creatures vanquished

Notes
Turn   | Place    | Note
-------+----------+-------------------------------------------
     0 | D        | mhtbhm the Minotaur Fighter began the quest for the Orb.
     0 | D        | Reached XP level 1. HP: 19/19 MP: 0/0
    19 | D        | Found a bloodstained altar of Trog.
    19 | D        | Found a shimmering blue altar of Sif Muna.
    19 | D        | Found a viscous altar of Jiyva.
    19 | D        | Found a hazy altar of Hepliaklqana.
    19 | D        | Found an opulent altar of Gozag.
    20 | D        | Found a glowing golden altar of the Shining One.
    20 | D        | Found a glowing silver altar of Zin.
    20 | D        | Found a basalt altar of Yredelemnul.
    20 | D        | Found a shimmering altar of Xom.
    20 | D        | Found an ornate altar of the Wu Jian Council.
    20 | D        | Found a sacrificial altar of Ru.
    20 | D        | Found a stormy altar of Qazlal.
    20 | D        | Found an iron altar of Okawaru.
    20 | D        | Found a sparkling altar of Nemelex Xobeh.
    20 | D        | Found a burning altar of Makhleb.
    20 | D        | Found a blossoming altar of Fedhas.
    20 | D        | Found a white marble altar of Elyvilon.
    20 | D        | Found a shadowy altar of Dithmenos.
    20 | D        | Found a snail-covered altar of Cheibriados.
    22 | D        | Found a radiant altar of Vehumet.
    22 | D        | Found a corrupted altar of Lugonu.
    23 | D        | Found a hide-covered altar of Uskayaw.
    23 | D        | Found an ancient bone altar of Kikubaaqudgha.
    23 | D        | Found a broken altar of Ashenzari.
    27 | D        | Became a worshipper of Gozag Ym Sagoz the Greedy
   147 | D        | Noticed a sky beast
   148 | D        | Reached skill level 3 in Axes
   148 | D        | Reached XP level 2. HP: 28/28 MP: 1/1
   154 | D        | Reached skill level 5 in Armour
   154 | D        | Reached skill level 5 in Shields
   163 | D        | Killed a sky beast
   164 | D        | Reached skill level 5 in Axes
   164 | D        | Reached skill level 1 in Dodging
   164 | D        | Reached XP level 3. HP: 30/38 MP: 2/2
   164 | D        | Reached XP level 4. HP: 35/45 MP: 3/3
   255 | D        | Noticed a wolf
   257 | D        | Noticed an orc warrior
   263 | D        | Killed a wolf
   264 | D        | Reached skill level 6 in Axes
   264 | D        | Reached XP level 5. HP: 27/52 MP: 4/4
   281 | D        | Killed an orc warrior
   282 | D        | Reached skill level 7 in Axes
   282 | D        | Reached XP level 6. HP: 41/61 MP: 5/5
   289 | D        | Reached skill level 8 in Axes
   412 | D        | Noticed a cane toad
   419 | D        | Killed a cane toad
   420 | D        | Reached skill level 10 in Axes
   420 | D        | Reached skill level 10 in Armour
   420 | D        | Reached skill level 10 in Shields
   420 | D        | Reached XP level 7. HP: 39/70 MP: 6/6
   665 | D        | Noticed a gargoyle
   665 | D        | Noticed a death yak
   696 | D        | Killed a death yak
   697 | D        | Reached skill level 10 in Fighting
   697 | D        | Reached skill level 11 in Axes
   697 | D        | Reached skill level 5 in Dodging
   697 | D        | Reached XP level 8. HP: 47/79 MP: 7/7
   705 | D        | Killed a gargoyle
   706 | D        | Reached skill level 12 in Axes
  1078 | D        | Noticed a rime drake
  1078 | D        | Noticed a polar bear
  1078 | D        | Noticed a hellwing
  1083 | D        | Killed a rime drake
  1084 | D        | Reached XP level 9. HP: 59/86 MP: 8/8
  1084 | D        | Killed a polar bear
  1085 | D        | Reached skill level 13 in Axes
  1092 | D        | Killed a hellwing
  1286 | D        | Noticed a bog body
  1286 | D        | Noticed a phantasmal warrior
  1286 | D        | Noticed a smoke demon
  1290 | D        | Killed a phantasmal warrior
  1291 | D        | Reached skill level 14 in Axes
  1295 | D        | Killed a bog body
  1296 | D        | Killed a smoke demon
  1445 | D        | Noticed a polar bear
  1454 | D        | Killed a polar bear
  1455 | D        | Reached XP level 10. HP: 87/97 MP: 9/9
  1607 | D        | Noticed a lindwurm
  1614 | D        | Killed a lindwurm
  1615 | D        | Reached skill level 15 in Axes
  1615 | D        | Gained mutation: You are dopey. (Int -2) [a neqoxec]
  1902 | D        | Noticed a guardian serpent
  1924 | D        | Killed a guardian serpent
  1925 | D        | Reached skill level 16 in Axes
  2252 | D        | Noticed an elephant
  2261 | D        | Killed an elephant
  2273 | D        | Reached skill level 15 in Shields
  2273 | D        | Noticed an orange demon
  2282 | D        | Killed an orange demon
  2283 | D        | Reached skill level 17 in Axes
  2283 | D        | Reached skill level 15 in Armour
  2283 | D        | Reached XP level 11. HP: 104/108 MP: 10/10
  2462 | D        | Noticed a merfolk impaler
  2462 | D        | Noticed a harpy
  2462 | D        | Noticed a harpy
  2464 | D        | Noticed a harpy
  2465 | D        | Noticed Urug
  2466 | D        | Noticed an orc sorcerer
  2467 | D        | Noticed a lindwurm
  2470 | D        | Noticed an orc knight
  2471 | D        | Killed a harpy
  2473 | D        | Noticed a harpy
  2490 | D        | Mangled by Urug

Illustrated notes

Levels and vault maps discovered:
D:        pitsprint [storerooms_1, entrance_room_1, metal_vault_2, armoury_2,
          mini_pit_1, grid_room_1, main_hall_1, silver_pit, the_coven_3,
          the_vestibule_1, steel_vault_5, golden_pit, hallway_of_sentries,
          crystal_vault_3, iron_vault_2, final_vault]

Skill      XL: |  1  2  3  4  5  6  7  8  9 10 |
---------------+-------------------------------+-----
Fighting       | 4 6 7 8 9 10 12 13 | 13.9
Armour         | 4 6 8 10 11 12 13 15 | 15.1
Shields        | 4 7 8 9 10 11 12 13 15 | 15.3
Axes           | 3 5 6 7 10 11 12 14 17 | 17.2
Dodging        | 1 2 3 4 5 6 |  6.8
Stealth        | |  0.6

Action                   |  1- 3 |  4- 6 |  7- 9 | 10-12 || total
-------------------------+-------+-------+-------+-------++-------
Melee: Hand axe          |    30 |    40 |    43 |       ||   113
       Headbutt          |     4 |    10 |    22 |    20 ||    56
       War axe           |     2 |       |    35 |    97 ||   134
Invok: Potion Petition   |       |       |       |     1 ||     1
       Call Merchant     |       |       |       |     1 ||     1
  Use: Potion            |       |     2 |     4 |     4 ||    10
       Scroll            |       |       |       |     1 ||     1
 Stab: Invisible         |       |       |       |     2 ||     2
Armor: Scale mail        |    15 |       |       |       ||    15
       Chain mail        |       |    31 |    20 |    26 ||    77
Dodge: Dodged            |    11 |    24 |    28 |    40 ||   103
Block: Kite shield       |    20 |    46 |    51 |    84 ||   201

Table legend: (Time is in decaauts)
 A = Elapsed time spent in this place.
 B = Non-inter-level travel time spent in this place.
 C = Inter-level travel time spent in this place.
 D = Time resting spent in this place.
 E = Time spent auto-exploring this place.
 F = Levels seen in this place.
 G = Mean time per level.
                   A        B        C        D        E       F      G
               +--------+--------+--------+--------+--------+-----+--------+
         Total |   2497 |   2497 |      0 |   1729 |    139 |   1 | 2497.0 |
       Dungeon |   2497 |   2497 |      0 |   1729 |    139 |   1 | 2497.0 |
               +--------+--------+--------+--------+--------+-----+--------+

Top non-repeatable levels by time:
       D: 2497 daAuts
